 Dungeon Crawl Stone Soup version 0.26.1-11-gd32895ea62 (webtiles) character file.

Game seed: 3426242472965495029

317 kodamatunes15 the Skirmisher (level 6, 0/62 HPs)
             Began as a Palentonga Wanderer on May 2, 2021.
             Slain by a gnoll
             ... wielding a +0 flail
              (8 damage)
             ... on level 3 of the Dungeon.
             The game lasted 00:16:22 (2299 turns).

kodamatunes15 the Skirmisher (Palentonga Wanderer)  Turns: 2299, Time: 00:16:22

Health: 0/62       AC:  9    Str: 16    XL:     6   Next: 20%
Magic:  6/6        EV:  4    Int: 12    God:
Gold:   144        SH:  0    Dex: 11    Spells: 5/5 levels left

rFire    . . .     SeeInvis +   g - +3 dagger (venom)
rCold    . . .     Faith    .   (no shield)
rNeg     . . .     Spirit   .   j - +0 chain mail
rPois    .         Reflect  .   h - +0 helmet
rElec    .         Harm     .   (no cloak)
rCorr    .         Rampage  .   (no gloves)
Will     .....                  (no barding)
Stlth    ..........             (no amulet)
HPRegen  0.20/turn              (no ring)
MPRegen  0.10/turn              (no ring)

@: lethally poisoned (0 -> -3)
A: large, rugged brown scales 3, see invisible, deformed body, roll 1, armoured
tail
a: Rolling Charge


You were on level 3 of the Dungeon.
You visited 1 branch of the dungeon, and saw 3 of its levels.

You collected 144 gold pieces.

Inventory:

Hand Weapons
 g - a +3 dagger of venom (weapon)
 o - a +0 hunting sling
Missiles
 f - 19 bolts
 i - 79 stones
 r - 18 poisoned darts
Armour
 h - a +0 helmet (worn)
 j - a +0 chain mail (worn)
Scrolls
 a - a scroll of immolation {unknown}
 b - a scroll of fear
 k - 2 scrolls of amnesia
 m - 2 scrolls of teleportation
 p - a scroll of remove curse
Potions
 c - a potion of curing
 d - 2 potions of lignification
 e - a potion of invisibility
 l - a potion of heal wounds
 n - a potion of magic
 q - a potion of flight {unknown}
 s - a potion of might {unknown}


   Skills:
 + Level 6.5 Fighting
 + Level 2.9 Short Blades
 + Level 1.6 Crossbows
 + Level 2.5 Armour
 + Level 0.6 Dodging
 + Level 1.4 Stealth


You had 5 spell levels left.
You didn't know any spells.
Your spell library was empty.

Dungeon Overview and Level Annotations

Branches:
Dungeon (3/15)

Altars:
Xom


Innate Abilities, Weirdness & Mutations

You are completely covered in rugged brown scales. (AC +3, +7% HP)
You have supernaturally acute eyesight. (SInv)
Armour fits poorly on your strangely shaped body.
You can roll at nearby foes to attack.
You have a long armoured tail.


Message History

You feel sick.
You feel sick.
You feel sick.
You feel sick.
You feel sick.
You feel sick.
There is a stone staircase leading down here.
You can't go up here!
You feel sick. The gnoll hits you but does no damage.
You hit the gnoll.
The gnoll is almost dead.
You feel sick. The gnoll hits you with a +0 whip!
* * * LOW HITPOINT WARNING * * *
You hit the gnoll.
The gnoll is moderately wounded.
You kill the gnoll!
The gnoll barely misses you.
You feel sick. The gnoll hits you with a +0 flail!
You die...

#...... ...##.......gg
#......#8...8##.#g#####
#......##...###.#.# #.
#.............#.#.# #.
#............##.#g####.
#............##.#..g...
#............##.######.
#........g...##.)..###.
#.....@g>g.......)..)).
#.........[..###.#.###.
#######.#...## #.#.# #.
#.#.#.# #.#.# #.
#.#.#.# #.#.# #.
#########.#.#.# #.#.#
## #......##.#.#.#
#.#.# #......##.#.#.#
#.#.# # #......##.#.#
#.#.# #


You could see 3 gnolls.

Vanquished Creatures
  Sigmund (D:2)
  A gnoll shaman (D:3)
  2 gnolls (D:3)
  3 adders
  2 worms (D:2)
  4 dart slugs
  3 orcs (D:3)
  3 giant cockroaches
  11 goblins
  7 hobgoblins
  3 quokkas (D:2)
  A ball python (D:3)
  6 bats
  2 frilled lizards (D:3)
  7 kobolds
  8 rats
64 creatures vanquished.

Vanquished Creatures (others)
  A plant (D:1)
1 creature vanquished.

Grand Total: 65 creatures vanquished

Notes
Turn   | Place    | Note
-------+----------+-------------------------------------------
     0 | D:1      | kodamatunes15 the Palentonga Wanderer began the quest for
                  | the Orb.
     0 | D:1      | kodamatunes15 set off with the following items: a +2
                  | dagger, a scroll of fear, a +0 ring mail, a potion of
                  | lignification
     0 | D:1      | Reached XP level 1. HP: 24/24 MP: 1/1
   157 | D:1      | Reached XP level 2. HP: 14/31 MP: 2/2
   873 | D:2      | Reached XP level 3. HP: 27/39 MP: 3/3
  1105 | D:2      | Reached skill level 6 in Fighting
  1357 | D:2      | Noticed Sigmund
  1374 | D:2      | Killed Sigmund
  1375 | D:2      | Reached XP level 4. HP: 40/48 MP: 4/4
  1375 | D:2      | Reached XP level 5. HP: 45/54 MP: 5/5
  1896 | D:3      | Found a shimmering altar of Xom.
  2151 | D:3      | Reached XP level 6. HP: 62/62 MP: 6/6
  2299 | D:3      | Slain by a gnoll

Illustrated notes

Levels and vault maps discovered:
D:1:      nzn_arrival_settlement, layout_basic, serial_bayou_pond_e
D:2:      layout_loops_corners, minmay_tetromino_s4, uniq_sigmund
D:3:      layout_basic, lemuel_round_altar, serial_corexii_hall,
          chequers_hall_statues_wall_a, corexii_hall_statues_i,
          chequers_hall_statues_wall_a, chequers_hall_statues_wall_a

Skill      XL: |  1  2  3 |
---------------+----------+-----
Fighting       | 6 |  6.5
Short Blades   | 2 |  2.9
Armour         | 2 |  2.5
Crossbows      | |  1.6
Dodging        | |  0.6
Stealth        | |  1.4

Action                   |  1- 3 |  4- 6 || total
-------------------------+-------+-------++-------
Melee: Dagger            |    95 |    83 ||   178
       Tailslap          |     7 |    11 ||    18
  Use: Scroll            |     4 |     4 ||     8
Armor: Ring mail         |    25 |       ||    25
       Chain mail        |    35 |    49 ||    84
Dodge: Dodged            |    32 |    18 ||    50
